Map: [ESL] Post-Youth

Players

Maru

  • Race: Terran Terran
  • Spawn Location: 1:00

Serral - Winner!

  • Race: Zerg Zerg
  • Spawn Location: 7:00

Event: ESL Spring 2024 Finals

VOD

Have the link to the VOD?

Description

Time

  • Played on: June 2, 2024, 4:01 p.m.
  • Length: 11:25

All games in this series

Show
View Real Time Build Order
Export as new Build Order

Maru Terran 

Build Orders:  

Get SALT Encoding   

  12  0:00  SCV  
  13  0:12  SCV  
  14  0:17  Supply Depot  
  14  0:24  SCV  
  15  0:38  SCV  
  15  0:40  Barracks  
  16  0:44  Refinery  
  16  0:50  SCV  
  17  1:00  Barracks  
  17  1:03  SCV  
  18  1:15  SCV  
  19  1:27  Orbital Command  
  19  1:28  Reaper  
  19  1:32  Supply Depot  
  20  1:46  Reaper  
  21  1:53  SCV  
  22  2:05  SCV  
  22  2:06  Reaper  
  24  2:12  Command Center  
  24  2:17  SCV  
  24  2:21  Refinery  
  25  2:23  Reaper  
  25  2:29  SCV  
  27  2:41  SCV  
  28  2:55  SCV  
  29  3:00  Factory  
  29  3:04  Command Center  
  28  3:12  SCV  
  28  3:14  Barracks Reactor, Barracks Tech Lab  
  28  3:24  Orbital Command  
  28  3:25  SCV  
  29  3:32  Marauder  
  31  3:37  SCV  
  32  3:49  SCV  
  32  3:51  Engineering Bay x2  
  32  3:53  Marine, SCV  
  35  3:59  Marine x2  
  35  4:01  SCV  
  38  4:05  SCV  
  39  4:13  Marine, SCV  
  39  4:16  Marine  
  39  4:17  Marine, SCV  
  42  4:19  Terran Infantry Armor Level 1, Terran Infantry Weapons Level 1  
  42  4:21  Orbital Command  
  44  4:25  SCV  
  44  4:29  SCV  
  45  4:31  Marine  
  45  4:34  Stimpack, Marine x2  
  45  4:35  Starport  
  48  4:40  Factory Reactor  
  48  4:41  Refinery, SCV  
  48  4:43  SCV  
  50  4:49  Marine  
  50  4:50  Supply Depot  
  50  4:51  Orbital Command  
  51  4:53  Marine x2, SCV  
  51  4:54  Supply Depot  
  51  4:56  SCV  
  55  5:04  Barracks  
  55  5:05  SCV  
  56  5:07  Marine  
  56  5:09  SCV  
  56  5:11  Marine x2  
  59  5:16  Refinery  
  59  5:18  SCV  
  59  5:19  SCV  
  61  5:22  Supply Depot, Medivac  
  61  5:23  Medivac  
  61  5:27  Armory  
  65  5:30  SCV  
  65  5:31  Factory Tech Lab, SCV  
  65  5:32  SCV  
  65  5:35  Marine  
  69  5:42  SCV  
  70  5:43  SCV  
  70  5:45  Marine x2  
  70  5:46  Supply Depot, SCV  
  74  5:50  Siege Tank  
  74  5:52  Marine  
  74  5:54  Barracks Reactor, SCV  
  79  5:59  Barracks  
  79  6:00  Barracks  
  79  6:01  SCV x2  
  79  6:02  Supply Depot  
  81  6:06  Marine x2, SCV  
  84  6:13  Combat Shield, SCV x2  
  84  6:18  SCV  
  87  6:22  Siege Tank  
  87  6:25  SCV x2  
  96  6:27  Terran Infantry Weapons Level 2  
  96  6:29  Marine x3  
  96  6:30  SCV  
  96  6:32  Marine  
  97  6:33  Supply Depot  
  97  6:34  Supply Depot  
  97  6:37  SCV x2  
  97  6:38  Terran Infantry Armor Level 2  
  99  6:41  Terran Vehicle Weapons Level 1  
  99  6:42  Marine  
  99  6:43  SCV  
  99  6:45  Refinery  
  101  6:49  Supply Depot, Barracks Reactor, Barracks Tech Lab  
  101  6:53  Marine  
  101  6:54  SCV  
  101  6:56  Marauder, Marine x2  
  101  7:00  Marine  
  105  7:02  Siege Tank  
  105  7:05  SCV  
  105  7:08  Refinery, Marine  
  110  7:11  Supply Depot, Marine  
  110  7:14  Marine x2  
  113  7:17  Marine  
  113  7:18  Marauder, SCV  
  115  7:26  Marauder  
  115  7:28  Marine  
  118  7:30  Medivac x2  
  118  7:32  Command Center  
  118  7:36  Siege Tank  
  125  7:41  Factory  
  125  7:42  SCV x2  
  127  7:45  Supply Depot, Bunker  
  127  7:47  Supply Depot  
  127  7:48  Concussive Shells  
  127  7:50  Marauder  
  127  7:51  SCV  
  130  7:54  Supply Depot, SCV  
  130  7:55  Supply Depot, SCV  
  132  8:03  SCV  
  133  8:06  SCV  
  133  8:07  Marauder, Marine x2  
  133  8:08  SCV  
  133  8:11  Marauder, Medivac x2  
  140  8:18  SCV  
  140  8:19  Siege Tank  
  141  8:27  Barracks x2  
  141  8:28  Barracks  
  141  8:31  Factory Tech Lab  
  141  8:38  Ghost Academy  
  138  8:43  Marine  
  138  8:44  Marauder x2, Marine x3  
  138  8:45  Terran Vehicle Weapons Level 2  
  148  8:51  Siege Tank  
  148  8:52  Viking x2  
  151  8:56  Marine x2  
  151  8:57  Sensor Tower  
  151  8:59  SCV x3  
  151  9:01  Marine  
  157  9:05  Marauder  
  157  9:08  Supply Depot  
  159  9:12  Supply Depot  
  159  9:22  SCV x3  
  162  9:26  Ghost  
  162  9:27  Barracks Tech Lab  
  162  9:28  Barracks Tech Lab  
  164  9:38  Refinery  
  162  9:39  Refinery  
  162  9:42  Command Center  
  162  9:45  SCV  
  163  9:48  Siege Tank, Barracks Tech Lab  
  163  9:49  Widow Mine  
  163  9:50  Missile Turret  
  168  10:06  Missile Turret x2  
  168  10:07  Missile Turret x2  
  168  10:08  Ghost  
  168  10:09  Ghost  
  146  10:17  Ghost  
  146  10:19  Marine  
  146  10:20  Marine x4  
  146  10:21  Marine  
  137  10:23  Siege Tank  
  137  10:24  SCV  
  137  10:25  SCV  
  110  10:35  SCV  
  105  10:37  Ghost, Marine x2, SCV  
  105  10:38  Marauder, Marine x2  
  105  10:39  SCV  
  107  10:44  Siege Tank  
  107  10:46  Marauder  
  107  10:47  SCV  
  107  10:49  SCV  
  114  10:51  SCV  
  118  10:59  Marauder, SCV  
  118  11:01  SCV  
  118  11:02  Sensor Tower  
  122  11:07  Marine x2  
  122  11:09  SCV  
  130  11:11  SCV  
Show
View Real Time Build Order
Export as new Build Order

Serral Zerg - Winner!

Build Orders: Hatch First 

Get SALT Encoding   

  12  0:00  Drone  
  13  0:08  Drone  
  13  0:13  Extractor  
  13  0:14  Drone  
  15  0:37  Hatchery  
  15  0:42  Extractor, Drone  
  14  0:48  Overlord  
  15  1:04  Spawning Pool  
  15  1:07  Drone  
  15  1:11  Drone  
  16  1:15  Drone  
  17  1:18  Drone  
  18  1:29  Drone  
  19  1:39  Drone  
  20  1:50  Drone, Queen x2  
  20  1:51  Zergling x2  
  26  2:00  Overlord  
  26  2:01  Drone  
  27  2:15  Hatchery  
  26  2:19  Drone  
  27  2:26  Spore Crawler  
  27  2:28  Extractor, Queen  
  27  2:33  Queen  
  31  2:37  Overlord  
  31  2:42  Spore Crawler  
  30  2:46  Drone x2  
  30  2:48  Drone  
  33  2:53  Drone  
  33  2:55  Drone  
  33  2:58  Drone  
  33  3:00  Drone  
  36  3:06  Evolution Chamber, Drone  
  36  3:08  Drone  
  36  3:11  Drone  
  36  3:12  Drone  
  39  3:17  Overlord  
  39  3:20  Drone  
  39  3:21  Drone  
  39  3:24  Extractor  
  40  3:28  Drone  
  40  3:30  Queen  
  40  3:32  Drone x2  
  45  3:39  Drone  
  45  3:41  Drone x2  
  48  3:44  Drone  
  48  3:45  Drone x2  
  48  3:48  Drone x2  
  53  3:49  Drone  
  53  3:52  Drone  
  53  3:53  Drone  
  56  3:56  Drone  
  56  3:59  Extractor, Drone  
  56  4:04  Drone  
  56  4:08  Drone  
  56  4:09  Roach Warren  
  57  4:12  Zergling x2  
  57  4:14  Overlord  
  57  4:15  Overlord  
  58  4:20  Overlord  
  58  4:30  Lair  
  58  4:32  Queen  
  58  4:33  Drone x9  
  58  4:35  Overlord  
  69  4:44  Extractor  
  68  4:49  Roach x5  
  68  4:50  Drone x4  
  82  4:56  Extractor  
  82  4:59  Hatchery  
  80  5:01  Drone  
  80  5:02  Drone x2  
  80  5:05  Drone x2  
  80  5:06  Spore Crawler  
  84  5:08  Overlord  
  84  5:13  Drone x4  
  88  5:17  Evolution Chamber  
  88  5:18  Evolution Chamber  
  88  5:19  Overlord  
  86  5:21  Overlord  
  86  5:22  Overlord  
  86  5:29  Glial Reconstitution  
  86  5:30  Extractor, Overseer  
  86  5:32  Roach  
  86  5:33  Roach  
  89  5:38  Roach  
  89  5:39  Roach x3  
  97  5:44  Roach x2  
  97  5:45  Overlord  
  97  5:47  Drone x2  
  103  5:50  Drone x2  
  103  5:51  Drone  
  103  5:52  Zerg Melee Weapons Level 1  
  103  5:54  Drone  
  107  5:57  Extractor, Zerg Ground Armor Level 1  
  107  5:58  Drone x2  
  107  6:00  Queen  
  107  6:03  Roach  
  114  6:04  Roach  
  114  6:07  Overlord  
  114  6:11  Infestation Pit  
  114  6:15  Drone x4  
  117  6:20  Overlord  
  117  6:22  Overlord  
  117  6:24  Overlord  
  117  6:25  Overlord  
  116  6:27  Drone x3  
  116  6:30  Overlord  
  116  6:32  Baneling Nest  
  118  6:37  Overlord x3  
  118  6:40  Overlord  
  118  6:41  Metabolic Boost  
  118  6:46  Extractor, Roach x4  
  125  6:49  Hive  
  123  6:55  Zergling x12  
  123  6:58  Ravager x3  
  129  7:01  Drone  
  130  7:09  Zergling x14  
  130  7:11  Drone  
  130  7:12  Drone x3  
  130  7:14  Zergling x4  
  143  7:18  Centrifugal Hooks  
  143  7:19  Baneling x5  
  143  7:20  Baneling x5  
  144  7:22  Zergling x2  
  144  7:23  Zergling x2  
  145  7:32  Zergling x8  
  149  7:38  Zergling x8  
  149  7:41  Hatchery, Ravager  
  153  7:47  Zergling x24  
  153  7:48  Zerg Melee Weapons Level 2  
  165  7:52  Zerg Ground Armor Level 2  
  164  8:01  Adrenal Glands  
  164  8:03  Viper x2  
  164  8:04  Overlord  
  167  8:05  Zergling x2  
  167  8:06  Zergling x4  
  167  8:08  Zergling x14  
  167  8:11  Zergling x4  
  169  8:16  Zergling x8  
  170  8:22  Zergling x8  
  170  8:25  Hatchery  
  173  8:33  Baneling x3  
  173  8:34  Baneling x11  
  173  8:37  Zergling x12  
  173  8:38  Burrow  
  178  8:43  Zergling x2  
  178  8:44  Zergling x2  
  180  8:48  Zergling x6  
  180  8:49  Zergling x20  
  180  8:55  Drone  
  194  9:01  Ultralisk Cavern  
  194  9:02  Zergling x12, Baneling x4  
  199  9:31  Baneling x2  
  198  9:32  Drone  
  198  9:36  Hatchery  
  198  9:40  Drone  
  199  9:48  Chitinous Plating  
  199  9:52  Overseer  
  199  9:55  Overlord  
  199  9:56  Overlord  
  199  9:57  Pneumatized Carapace  
  173  10:17  Ultralisk x3, Zergling x18  
  173  10:18  Zergling x18  
  187  10:23  Ultralisk, Zergling x22  
  187  10:24  Zergling x2  
  187  10:29  Ultralisk x2, Zergling x2  
  194  10:37  Viper  
  197  10:44  Drone x4  
  197  10:46  Extractor  
  193  10:54  Drone x5  
  193  10:55  Drone x2  
  200  10:58  Spire  
  200  11:03  Baneling x4  
  199  11:04  Baneling  
  199  11:10  Hatchery, Baneling x4  
Tags
 
Add a new tag
Caveats
  • Supply blocks, unpowered buildings, or Contaminate may cause inaccurate times.
  • Supply counts are checked every 10 seconds.